 Dungeon Crawl Stone Soup version 0.16.2-2-g470672f (webtiles) character file.

49 poirepourri the Bolt Thrower (level 4, -3/33 HPs)
             Began as a Formicid Hunter on Aug 25, 2015.
             Slain by a gnoll
             ... wielding a +0 spear
              (10 damage)
             ... on level 2 of the Dungeon.
             The game lasted 00:01:46 (1012 turns).

poirepourri the Bolt Thrower (Formicid Hunter)      Turns: 1012, Time: 00:01:46

Health: -3/33      AC:  4    Str: 17    XL:     4   Next: 2%
Magic:  5/5        EV: 12    Int: 11    God:
Gold:   18         SH:  0    Dex: 11    Spells: 0 memorised, 3 levels left

rFire  . . .     SeeInvis +     b - +1 hand crossbow
rCold  . . .     Clarity  .     d - +1 leather armour
rNeg   . . .     SustAb   .     (no shield)
rPois  .         Gourm    .     (helmet unavailable)
rElec  .         Spirit   .     (no cloak)
rCorr  .         Warding  .     (no gloves)
rMut   .         Stasis   +     (no boots)
MR     .....                    (no amulet)
Stlth  +.........               (no ring)
                                (no ring)

@: not resistant to hostile enchantments, very unstealthy
A: permanent stasis, dig shafts and tunnels, four strong arms, antennae 3
a: Dig, Shaft Self


You were on level 2 of the Dungeon.
You were not hungry.

You visited 1 branch of the dungeon, and saw 2 of its levels.

You collected 18 gold pieces.

Inventory:

Hand weapons
 a - a +0 short sword
 b - a +1 hand crossbow (weapon)
Missiles
 c - 3 bolts (quivered)
 p - 11 bolts of frost
Armour
 d - a +1 leather armour (worn)
Jewellery
 e - a cursed -2 ring of slaying {unknown}
 o - an uncursed ring of sustain abilities {unknown}
Scrolls
 h - a scroll of identify {unknown}
 j - a scroll of magic mapping {unknown}
 l - a scroll of enchant weapon {unknown}
 m - a scroll of recharging {unknown}
 r - a scroll of immolation {unknown}
Comestibles
 f - 3 bread rations
 k - 5 fruits
 n - a meat ration


   Skills:
 + Level 2.2 Fighting
 + Level 5.1 Crossbows
 + Level 0.2 Armour
 + Level 2.0 Dodging
 + Level 1.2 Stealth


You had 3 spell levels left.
You didn't know any spells.

Dungeon Overview and Level Annotations

Branches:
Dungeon (2/15)

Altars:


Innate Abilities, Weirdness & Mutations

You are under a permanent stasis effect.
You can dig through walls and to a lower floor.
Your four strong arms can wield two-handed weapons with a shield.
You have a pair of large antennae on your head (SInv).


Message History

It is a scroll of enchant armour.
Enchant which item? (? for menu, Esc to quit)
Your +0 leather armour glows green for a moment.
The gnoll hits you but does no damage. The gnoll hits you!
Firing (i - inventory. (,) - cycle):
c - 5 bolts (quivered)
Press: ? - help, Shift-Dir - straight line, f - gnoll
Aim: a gnoll You shoot a bolt.
The bolt barely misses the gnoll.
The bolt hits the gnoll.
The gnoll is moderately wounded.
The gnoll hits you from afar with a spear.
The gnoll hits you.
Firing (i - inventory. (,) - cycle):
c - 4 bolts (quivered)
Press: ? - help, Shift-Dir - straight line, f/p - gnoll
Aim: a gnoll You shoot a bolt.
The bolt hits the gnoll.
The gnoll is heavily wounded.
The gnoll barely misses you. The gnoll hits you.
* * * LOW HITPOINT WARNING * * *
The gnoll hits you from afar with a spear!
You die...

#≈.###.≈# #....... #≈..#..≈#
####.....
#≈≈...≈§#########..#.....
#§§≈.§≈≈#................
####'####..........##...#
####..#..g..##########...#
######.....g.gg#...(†....)...##
#...........##g###.#.......()..
#......#######@##..#########.#.
......#### ##.##.## #....##
.....# #######.....# #....##
.#..# .........#### #....#. r.#
########...# #....#. .
###.########....#.
#.....<.##......
#.......##....#.
######.......##....#.


You could see 4 gnolls.

Vanquished Creatures
  An adder (D:2)
  A giant mite (D:1)
  A giant gecko (D:2)
  2 oozes (D:2)
  7 bats
  2 giant cockroaches (D:1)
  4 hobgoblins (D:1)
  A ball python (D:1)
  4 giant newts (D:1)
  A goblin (D:2)
  4 kobolds
  A quokka (D:2)
  4 rats
33 creatures vanquished.

Notes
Turn   | Place    | Note
--------------------------------------------------------------
     0 | D:1      | poirepourri, the Formicid Hunter, began the quest for the Orb.
     0 | D:1      | Reached XP level 1. HP: 16/16 MP: 1/1
   141 | D:1      | Reached XP level 2. HP: 22/22 MP: 3/3
   550 | D:1      | Reached XP level 3. HP: 27/27 MP: 4/4
   822 | D:2      | Reached skill level 5 in Crossbows
   965 | D:2      | Reached XP level 4. HP: 33/33 MP: 5/5
  1012 | D:2      | Slain by a gnoll

Action                   |  1- 3 |  4- 6 || total
-------------------------+-------+-------++-------
 Fire: Hand crossbow     |    73 |     5 ||    78
  Use: Potion            |       |     2 ||     2
       Scroll            |       |     1 ||     1
